 Seeded DCSS version 0.28-a0-409-g6a72785 (webtiles) character file.

Game seed: 8859158737211481446 (custom seed)

153318 Sixotanaka the Brawler (level 16, -3/134 HPs)
             Began as a Troll Monk on Sept 6, 2021.
             Was a High Priest of Cheibriados.
             Slain by a black mamba (10 damage)
             ... on level 1 of the Snake Pit.
             The game lasted 01:27:36 (27008 turns).

Sixotanaka the Brawler (Troll Monk)                Turns: 27008, Time: 01:27:36

Health: -3/134     AC: 15    Str: 38    XL:     16   Next: 75%
Magic:  5/21       EV: 16    Int: 19    God:    Cheibriados [*****.]
Gold:   336        SH: 13    Dex: 28    Spells: 1/15 levels left

rFire   . . .      SeeInvis .     - Unarmed
rCold   . . .      Faith    .   r - +0 kite shield {reflect}
rNeg    . . .      Spirit   .   V - +0 swamp dragon scales
rPois   +          Reflect  +   O - +2 hat
rElec   .          Harm     .   f - scarf {repulsion}
rCorr   .          Rampage  .   (gloves unavailable)
Will    +....                   (boots unavailable)
Stlth   ++........              X - amulet of the acrobat
HPRegen 1.32/turn               u - +4 ring of evasion
MPRegen 0.17/turn               U - +4 ring of protection

@: wereblooded (expiring), constricted, studying 2 skills, repel missiles, very
slow
A: large, unfitting armour, claws 3, regeneration 1, shaggy fur 1, tough skin 1,
frail 1
}: 1/15 runes: decaying
a: Renounce Religion, Bend Time, Temporal Distortion, Slouch, Step From Time


You were on level 1 of the Snake Pit.
You worshipped Cheibriados.
Cheibriados was extremely pleased with you.
You visited 6 branches of the dungeon, and saw 29 of its levels.
You visited 1 bazaar.
You also visited: Ice Cave.

You collected 2429 gold pieces.
You spent 2093 gold pieces at shops.

Inventory:

Missiles
 H - 13 large rocks (quivered)
 Q - 5 throwing nets
Armour
 f - a scarf of repulsion (worn)
 r - a +0 kite shield of reflection (worn)
 B - +0 ice dragon scales
 D - a +2 robe of willpower
 I - a +1 robe of fire resistance
 O - a +2 hat (worn)
 V - +0 swamp dragon scales (worn)
 Z - a +2 tower shield of cold resistance
Jewellery
 d - a ring of protection from fire
 j - a ring of resist corrosion
 t - a ring of poison resistance
 u - a +4 ring of evasion (left claw)
 w - a ring of flight
 R - a ring of protection from cold
 U - a +4 ring of protection (right claw)
 W - a ring of see invisible
 X - an amulet of the acrobat (around neck)
Wands
 k - a wand of polymorph (40)
 p - a wand of paralysis (5)
 q - a wand of acid (11)
 E - a wand of iceblast (12)
 J - a wand of digging (4)
 K - a wand of flame (21)
Scrolls
 a - a scroll of holy word
 g - 4 scrolls of magic mapping
 h - 14 scrolls of teleportation
 i - 5 scrolls of noise
 l - 5 scrolls of immolation
 m - 2 scrolls of amnesia
 n - a scroll of acquirement {unknown}
 s - 4 scrolls of silence
 y - 2 scrolls of fear {unknown}
 A - 5 scrolls of vulnerability
 L - a scroll of enchant armour
 N - 4 scrolls of fog
Potions
 b - 4 potions of ambrosia
 c - 7 potions of curing
 o - 2 potions of resistance
 v - 3 potions of might
 x - 4 potions of haste
 z - 3 potions of lignification {unknown}
 C - 3 potions of berserk rage
 F - 3 potions of mutation
 G - 3 potions of attraction
 M - 6 potions of flight
 P - a potion of invisibility {unknown}
 S - 3 potions of brilliance
 T - a potion of magic {unknown}


   Skills:
 - Level 7.0 Fighting
 - Level 2.6 Maces & Flails
 - Level 7.0 Dodging
 - Level 1.0 Stealth
 - Level 9.0 Shields
 + Level 20.7 Unarmed Combat
 + Level 9.0 Transmutations
 - Level 9.0 Invocations


You had one spell level left.
You knew the following spells:

 Your Spells              Type           Power      Damage    Failure   Level
a - Beastly Appendage     Tmut           68%        N/A       1%          1
b - Blade Hands           Tmut           17%        N/A       19%         5
c - Eringya's Noxious Bo  Tmut/Pois      8%         N/A       100%        6
d - Wereblood             Tmut           34%        N/A       1%          2

Your spell library contained the following spells:

 Spells                   Type           Power      Damage    Failure   Level
 Animate Skeleton         Necr           0%         N/A       26%         1
 Foxfire                  Conj/Fire      0%         2x1d4     26%         1
 Pain                     Necr           0%         1d4       26%         1
 Sandblast                Erth           0%         2d4       26%         1
 Spider Form              Tmut/Pois      8%         N/A       13%         3
 Scorch                   Fire           0%         2d5       38%         2
 Slow                     Hex            0%         N/A       38%         2
 Ice Form                 Ice/Tmut       17%        N/A       38%         4
 Petrify                  Tmut/Erth      17%        N/A       38%         4
 Confusing Touch          Hex            0%         N/A       63%         3
 Conjure Flame            Conj/Fire      0%         6-21      63%         3
 Dazzling Flash           Conj/Hex       0%         N/A       63%         3
 Gell's Gravitas          Tloc           0%         N/A       63%         3
 Inner Flame              Hex/Fire       0%         N/A       63%         3
 Portal Projectile        Hex/Tloc       0%         N/A       63%         3
 Stone Arrow              Conj/Erth      0%         3d7       63%         3
 Teleport Other           Tloc           0%         N/A       63%         3
 Vampiric Draining        Necr           0%         2d6       63%         3
 Animate Armour           Summ/Erth      0%         N/A       95%         4
 Flame Wave               Conj/Fire      0%         3d3       95%         4
 Fulminant Prism          Conj/Hex       0%         3d6       95%         4
 Hailstorm                Conj/Ice       0%         3d3       95%         4
 Iskenderun's Mystic Bla  Conj/Tloc      0%         2d3       95%         4
 Leda's Liquefaction      Hex/Erth       0%         N/A       95%         4
 Agony                    Necr           0%         N/A       100%        5
 Excruciating Wounds      Necr           0%         N/A       100%        5
 Fireball                 Conj/Fire      0%         3d3       100%        5
 Lee's Rapid Deconstruct  Erth           0%         3d5*      100%        5
 Metabolic Englaciation   Hex/Ice        0%         N/A       100%        5
 Silence                  Hex/Air        0%         N/A       100%        5
 Summon Forest            Summ/Tloc      0%         N/A       100%        5
 Dispersal                Tloc           0%         N/A       100%        6
 Simulacrum               Ice/Necr       0%         N/A       100%        6
 Starburst                Conj/Fire      0%         6d3       100%        6
 Statue Form              Tmut/Erth      11%        N/A       100%        6
 Summon Cactus Giant      Summ           0%         N/A       100%        6
 Summon Hydra             Summ           0%         N/A       100%        7
 Borgnjor's Revivificati  Necr           0%         N/A       100%        8
 Ignition                 Fire           0%         3d3       100%        8
 Lehudib's Crystal Spear  Conj/Erth      0%         10d2      100%        8
 Necromutation            Tmut/Necr      8%         N/A       100%        8
 Death's Door             Necr           0%         N/A       100%        9


Dungeon Overview and Level Annotations

Branches:
Dungeon (15/15)            Temple (1/1) D:4            Lair (6/6) D:11
  Swamp (4/4) Lair:4        Snake (1/4) Lair:2        Slime (0/5) Lair:5
    Orc (2/2) D:12            Elf (0/3) Orc:2        Depths (0/5) D:15
  IceCv (visited)
 Vaults: D:13-14

Altars:
Ashenzari
Cheibriados
Dithmenos
Elyvilon
Fedhas
Gozag
Hepliaklqana
Kikubaaqudgha
Makhleb
Nemelex Xobeh
Okawaru
Qazlal
Ru
Sif Muna
Trog
Uskayaw
Vehumet
Wu Jian
Xom
Yredelemnul
Zin
The Shining One
Beogh

Shops:
D:2 =   D:3 **![*   D:12 :   Orc:1 :   Orc:2 =!!:

Portals:
Trove: D:11 (give 7 potions of haste)

Annotations:
D:5 3 runed translucent doors, edsrzf's ghost, amateur HuAM
D:10 3 runed translucent doors, Ubbricas's ghost, novice DgWn
Lair:4 exclusion: oklob plant
Lair:6 exclusions: obsidian statue and oklob plant


Innate Abilities, Weirdness & Mutations

You are too large for most types of armour.
You have claws for hands.
Your natural rate of healing is unusually fast.
You are covered in fur. (AC +1)
You have tough skin. (AC +1)
You are frail. (-10% HP)


Message History

a +0 halberd; a +0 halberd You feel better.
The black mamba closely misses you. The naga warrior barely misses you.
The naga warrior constricts you. The black mamba bites you!
* * * LOW HITPOINT WARNING * * *
You are lethally poisoned!
The black mamba poisons you!
You feel better.
You howl as the wereblood boils in your veins!
Your horns disappear.
Your talons disappear.
Your +2 hat unmelds from your body.
You block the black mamba's attack. The naga warrior barely misses you.
The naga warrior constricts you.
You scratch the naga warrior.
The naga warrior is lightly wounded.
The black mamba closely misses you. You block the naga warrior's attack.
The naga warrior constricts you. You block the black mamba's attack.
You mangle the naga warrior!!
The naga warrior is moderately wounded.
You block the black mamba's attack.
You scratch the naga warrior.
The naga warrior is moderately wounded.
Your primal bloodlust is almost over.
The naga warrior spits poison at you.
The splash of poison is repelled.
The splash of poison hits the black mamba.
The naga warrior constricts you.
* * * LOW HITPOINT WARNING * * *
You block the black mamba's attack.
Okay, then.
You closely miss the naga warrior.
The naga warrior is moderately wounded.
The black mamba bites you!
* * * LOW HITPOINT WARNING * * *
You block the naga's attack. You block the naga warrior's attack.
The naga warrior constricts you.
Unknown command.
You feel better. The black mamba bites you!
* * * LOW HITPOINT WARNING * * *
You block the naga's attack. The black mamba bites you!
You die...

##.... ##.....
#...... .
#...#... ..##
...##..# .....##
.##...#
.......###
##...##
#....NS†######
##...##
#######@.....#
##...##
#..N...####...##
#####.........#
..............##
............###
#############


You could see a naga warrior (curare, catching breath), a black mamba and a
naga.

Vanquished Creatures
  Rupert (Lair:6)
  Gastronok (Lair:3)
  3 thorn hunters
  Donald (Swamp:2)
  Roxanne (Swamp:2)
  The ghost of reggie the Thaumaturge, a journeyman DrWz of Sif Muna (Swamp:4)
  Aizul (Snake:1)
  A dire elephant (Lair:6)
  3 bunyips
  2 fire dragons (D:15)
  6 eleionomae
  A rakshasa (D:13)
  Harold (Orc:1)
  4 centaur warriors
  2 boulder beetles
  9 hydras
  3 ghost crabs
  4 ice dragons
  2 spriggan air magi (Swamp:4)
  2 anacondas (Snake:1)
  A death knight (D:11)
  5 alligators
  4 two-headed ogres
  2 tengu warriors
  6 death yaks
  5 orc high priests
  A spriggan berserker (Swamp:4)
  2 naga sharpshooters (Snake:1)
  4 spriggans
  A fire crab (Lair:6)
  6 goliath frogs
  A spectral anaconda (Lair:6)
  2 skeletal warriors (D:11)
  5 swamp dragons
  3 spriggan druids
  3 bog bodies
  An obsidian statue (D:11)
  A wizard (D:15)
  3 necromancers (Lair:6)
  3 ugly things (D:15)
  An orc knight (D:15)
  3 will-o-the-wisps
  2 orc sorcerers
  2 salamanders (Snake:1)
  2 manticores
  4 cyclopes
  8 black mambas
  Maurice (Orc:2)
  17 elephants
  A guardian serpent (Snake:1)
  4 orange demons (D:12)
  2 naga magi (Snake:1)
  An ice statue (IceCv)
  8 cane toads
  Maggie (D:10)
  A rime drake (Lair:6)
  2 dire elephant skeletons (Lair:6)
  2 efreet
  2 unseen horrors
  10 freezing wraiths
  A yaktaur (D:15)
  3 tengu conjurers
  8 komodo dragons
  2 anaconda simulacra (IceCv)
  11 ice devils (IceCv)
  2 entropy weaver simulacra (IceCv)
  5 polar bears
  3 red devils (D:12)
  11 trolls
  8 tyrant leeches
  Prince Ribbit (D:6)
  3 hornets (Swamp:1)
  14 slime creatures
  8 blink frogs (Lair:6)
  A spectral elephant (Lair:6)
  6 dream sheep (Lair:6)
  A wraith (D:11)
  A vampire (D:12)
  A shadow (D:11)
  2 wyverns
  4 fire bats (Lair:1)
  42 yaks
  A golden eye (shapeshifter) (D:15)
  4 basilisks
  3 swamp worm simulacra (Swamp:4)
  6 death yak simulacra
  4 wargs
  A steam dragon (D:8)
  2 vampire mosquitoes (Swamp:1)
  6 two-headed ogre zombies (D:11)
  2 spectral cane toads (Lair:6)
  10 swamp worms
  3 harpy simulacra (IceCv)
  A naga (Snake:1)
  12 water moccasins
  15 hydra simulacra (Swamp:4)
  A swamp drake (Swamp:1)
  3 black bears
  22 orc warriors
  2 elephant zombies (Lair:6)
  2 necrophages
  5 ice beasts
  14 wolves
  7 ogres
  6 centaurs
  12 bullfrogs
  2 two-headed ogre simulacra (IceCv)
  A water moccasin zombie (D:6)
  2 cane toad simulacra (IceCv)
  2 gnoll sergeants
  A scorpion (D:5)
  5 elephant simulacra (IceCv)
  7 wights
  6 killer bees (D:10)
  A vampire bat (Lair:1)
  3 howler monkeys (D:11)
  A lava snake (Lair:1)
  4 centaur zombies
  2 bullfrog zombies
  4 jellies
  27 orc priests
  A bullfrog skeleton (D:4)
  A centaur skeleton (D:4)
  3 hounds
  6 iguanas
  22 orc wizards
  4 polar bear simulacra (IceCv)
  2 spriggan simulacra (IceCv)
  A troll simulacrum (IceCv)
  5 wolf simulacra (IceCv)
  A hound skeleton (D:4)
  Robin (D:4)
  15 gnolls
  4 adders
  A white imp (D:6)
  2 ufetubi
  5 swamp drake simulacra (Swamp:4)
  An adder skeleton (D:4)
  3 worms
  2 dart slugs
  74 orcs
  15 bats
  7 endoplasms
  2 giant cockroaches (D:1)
  10 hobgoblins
  6 jackals (D:3)
  13 kobolds
  2 quokkas
  5 ball pythons
  2 frilled lizards (D:1)
  21 goblins
  3 rats
  A spectral kobold (D:2)
  2 briar patches (Swamp:2)
775 creatures vanquished.

Vanquished Creatures (others)
  A goliath frog (Swamp:2)
  A necromancer (IceCv)
  A polar bear (Orc:2)
  4 bloated husks
  A hornet (Swamp:4)
  A tyrant leech (Swamp:2)
  A swamp drake (Swamp:2)
  2 bushes (Lair:6)
  A butterfly (Lair:5)
  4 foxfires
  48 fungi
  51 plants
  18 withered plants (Lair:6)
134 creatures vanquished.

Grand Total: 909 creatures vanquished

Notes
Turn   | Place    | Note
-------+----------+-------------------------------------------
     0 | D:1      | Sixotanaka the Troll Monk began the quest for the Orb.
     0 | D:1      | Reached XP level 1. HP: 22/22 MP: 0/0
    97 | D:1      | Reached skill level 1 in Unarmed Combat
   221 | D:1      | Reached XP level 2. HP: 29/29 MP: 1/1
   519 | D:1      | Reached skill level 2 in Unarmed Combat
   963 | D:2      | Found Etempa's Jewellery Shoppe.
  1016 | D:2      | Reached XP level 3. HP: 35/36 MP: 2/2
  1187 | D:2      | Reached skill level 3 in Unarmed Combat
  1241 | D:2      | Found a faded altar of an unknown god.
  1619 | D:3      | Found Caguatt's Assorted Antiques.
  1624 | D:3      | Found Neps's General Store.
  1640 | D:3      | Bought a scroll of identify for 28 gold pieces
  1664 | D:3      | Reached XP level 4. HP: 44/44 MP: 3/3
  1732 | D:3      | Found Naid's Distillery.
  1739 | D:3      | Reached skill level 4 in Unarmed Combat
  1765 | D:3      | Bought a potion of curing for 36 gold pieces
  2095 | D:3      | Reached skill level 5 in Unarmed Combat
  2095 | D:3      | Reached XP level 5. HP: 18/50 MP: 4/4
  2149 | D:3      | Found Fedwidof's Antique Armour Boutique.
  2166 | D:3      | Found Urrunyr's Assorted Antiques.
  2185 | D:3      | Found an opulent altar of Gozag.
  2457 | D:4      | Noticed Robin
  2550 | D:4      | Reached XP level 6. HP: 59/59 MP: 5/5
  2596 | D:4      | Reached skill level 6 in Unarmed Combat
  2636 | D:4      | Killed Robin
  2867 | D:4      | Found a staircase to the Ecumenical Temple.
  2876 | D:4      | Reached skill level 7 in Unarmed Combat
  2882 | Temple   | Entered the Ecumenical Temple
  2925 | Temple   | Became a worshipper of Cheibriados the Contemplative
  2925 | Temple   | Reached * piety under Cheibriados
  2925 | Temple   | Reached ** piety under Cheibriados
  3141 | D:5      | Entered Level 5 of the Dungeon
  3178 | D:5      | Reached XP level 7. HP: 36/66 MP: 2/6
  3290 | D:5      | Found a runed translucent gate.
  3290 | D:5      | Noticed edsrzf's ghost (amateur HuAM)
  3291 | D:5      | Found a runed translucent gate.
  3292 | D:5      | Found a runed translucent gate.
  3292 | D:5      | Identified the +1 scale mail "Udikhoum" {Fly rPois}
  3434 | D:5      | Found a sparkling altar of Nemelex Xobeh.
  3511 | D:5      | Reached skill level 8 in Unarmed Combat
  4233 | D:6      | Reached skill level 9 in Unarmed Combat
  4263 | D:6      | Reached XP level 8. HP: 41/74 MP: 3/7
  4374 | D:6      | Noticed Prince Ribbit
  4386 | D:6      | Killed Prince Ribbit
  4387 | D:6      | Reached skill level 10 in Unarmed Combat
  4840 | D:6      | Found a shimmering blue altar of Sif Muna.
  5277 | D:7      | Reached skill level 11 in Unarmed Combat
  5377 | D:7      | Found a glowing golden altar of the Shining One.
  5377 | D:7      | Found an ancient bone altar of Kikubaaqudgha.
  5379 | D:7      | Found a stormy altar of Qazlal.
  5379 | D:7      | Found a glowing silver altar of Zin.
  5414 | D:7      | Reached XP level 9. HP: 80/80 MP: 8/8
  5511 | D:7      | Reached *** piety under Cheibriados
  5512 | D:7      | Reached skill level 1 in Invocations
  5552 | D:7      | Found a bloodstained altar of Trog.
  5987 | D:7      | Found an ancient bone altar of Kikubaaqudgha.
  6140 | D:8      | Reached skill level 12 in Unarmed Combat
  6751 | D:9      | Noticed a two-headed ogre
  6791 | D:9      | Killed a two-headed ogre
  6832 | D:9      | Reached skill level 13 in Unarmed Combat
  6867 | D:9      | Reached **** piety under Cheibriados
  6947 | D:9      | Reached XP level 10. HP: 84/88 MP: 10/12
  6977 | D:9      | Found a runed translucent door.
  6984 | D:9      | Noticed a two-headed ogre
  6991 | D:9      | Killed a two-headed ogre
  7356 | D:9      | Reached skill level 5 in Invocations
  7533 | D:9      | Reached ***** piety under Cheibriados
  7653 | D:10     | Entered Level 10 of the Dungeon
  7653 | D:10     | Noticed Maggie
  7663 | D:10     | Killed Maggie
  7664 | D:10     | Reached skill level 14 in Unarmed Combat
  7780 | D:10     | Found a hide-covered altar of Uskayaw.
  7799 | D:10     | Found a runed translucent gate.
  7800 | D:10     | Found a runed translucent gate.
  7800 | D:10     | Noticed Ubbricas's ghost (novice DgWn)
  7801 | D:10     | Found a runed translucent gate.
  7801 | D:10     | Noticed a ten-headed hydra
  7801 | D:10     | Noticed a nine-headed hydra
  8070 | D:10     | Reached XP level 11. HP: 94/94 MP: 14/14
  8187 | D:10     | Found a broken altar of Ashenzari.
  8187 | D:10     | Found a shadowy altar of Dithmenos.
  8257 | D:10     | Found an ornate altar of the Wu Jian Council.
  8258 | D:10     | Found a shimmering altar of Xom.
  8278 | D:10     | Noticed a two-headed ogre
  8285 | D:10     | Killed a two-headed ogre
  8546 | D:11     | Noticed an obsidian statue
  8614 | D:11     | Noticed a death knight
  8614 | D:11     | Noticed a skeletal warrior
  8872 | D:11     | Reached skill level 15 in Unarmed Combat
  9096 | D:11     | Noticed a centaur warrior
  9168 | D:11     | Killed a centaur warrior
  9265 | D:11     | Found a portal to a secret trove of treasure.
  9430 | D:11     | Found a staircase to the Lair.
  9624 | Lair:1   | Entered Level 1 of the Lair of Beasts
  9923 | Lair:1   | Reached ****** piety under Cheibriados
  9932 | Lair:1   | Reached skill level 5 in Dodging
 10340 | Lair:1   | Reached XP level 12. HP: 101/104 MP: 14/16
 10448 | Lair:2   | Found a staircase to the Snake Pit.
 10836 | Lair:2   | Reached skill level 16 in Unarmed Combat
 10836 | Lair:2   | Found an ornate altar of the Wu Jian Council.
 11292 | Lair:3   | Noticed Gastronok
 11302 | Lair:3   | Killed Gastronok
 11361 | Lair:3   | Noticed a death yak
 11370 | Lair:3   | Killed a death yak
 11370 | Lair:3   | Noticed a boulder beetle
 11378 | Lair:3   | Killed a boulder beetle
 11495 | Lair:3   | Learned a level 6 spell: Eringya's Noxious Bog
 11601 | Lair:3   | Reached skill level 1 in Transmutations
 11759 | Lair:3   | Reached skill level 17 in Unarmed Combat
 12195 | Lair:4   | Found a staircase to the Swamp.
 13085 | Lair:5   | Found a staircase to the Slime Pits.
 13134 | Lair:5   | Reached XP level 13. HP: 105/110 MP: 16/18
 13829 | Lair:6   | Entered Level 6 of the Lair of Beasts
 14243 | Lair:6   | Reached skill level 18 in Unarmed Combat
 14344 | Lair:6   | HP: 3/117 [cane toad (14)]
 14351 | Lair:6   | Reached skill level 5 in Fighting
 15418 | Lair:6   | Noticed a dire elephant
 15476 | Lair:6   | Killed a dire elephant
 15477 | Lair:6   | Reached XP level 14. HP: 115/130 MP: 16/19
 15500 | Lair:6   | Identified the +4 fustibalus "Beetleslayer" {venom, Will++}
 15642 | Lair:6   | Reached skill level 19 in Unarmed Combat
 15991 | Lair:6   | Noticed Rupert
 15998 | Lair:6   | Killed Rupert
 16244 | D:11     | Gained mutation: You are frail. (-10% HP) [a neqoxec]
 16786 | D:3      | Bought a tower shield for 117 gold pieces
 17107 | D:12     | Found Upaxirchoil's Book Shoppe.
 17113 | D:12     | Bought a book of Weapons for 352 gold pieces
 17113 | D:12     | Bought a book of Sloth for 396 gold pieces
 17119 | D:12     | Learned a level 5 spell: Blade Hands
 17123 | D:12     | Identified the +4 dagger of a ziggurat {vorpal, MP+9 Dex+2}
 17434 | D:12     | Found a staircase to the Orcish Mines.
 17473 | D:12     | Reached skill level 1 in Shields
 17937 | D:13     | Identified the +7 great sword "Demonbane" {vorpal, *Slow
                  | rCorr Str-5 Int+10}
 18598 | D:15     | Entered Level 15 of the Dungeon
 18862 | D:15     | Found a flickering gateway to a bazaar.
 18870 | Bazaar   | Entered a bazaar
 18872 | Bazaar   | Found Caych's Magic Scroll Boutique.
 18872 | Bazaar   | Found Ettus's Antique Armour Boutique.
 18899 | Bazaar   | Found Zirch's Book Boutique.
 18948 | Bazaar   | Found Plog's Weapon Shop.
 19005 | Bazaar   | Bought a book of Changes for 216 gold pieces
 19007 | Bazaar   | Learned a level 1 spell: Beastly Appendage
 19200 | D:15     | Found a staircase to the Depths.
 19370 | D:15     | Found an ornate altar of the Wu Jian Council.
 19382 | D:15     | Reached skill level 20 in Unarmed Combat
 19801 | Orc:1    | Entered Level 1 of the Orcish Mines
 19881 | Orc:1    | Found Vusipir's Self-Improvement Boutique.
 19930 | Orc:1    | Reached XP level 15. HP: 126/126 MP: 20/20
 20152 | Orc:1    | Noticed Harold
 20154 | Orc:1    | Killed Harold
 20251 | Orc:2    | Entered Level 2 of the Orcish Mines
 20264 | Orc:2    | Found a frozen archway.
 20295 | IceCv    | Entered an ice cave
 20470 | IceCv    | Reached skill level 5 in Transmutations
 20546 | IceCv    | Found an ancient bone altar of Kikubaaqudgha.
 20575 | IceCv    | HP: 2/126 [harpy simulacrum (5)]
 20592 | IceCv    | Reached skill level 5 in Shields
 21032 | IceCv    | Found the +2 Maxwell's thermic engine {flame, freeze}
 21181 | Orc:2    | Noticed Maurice
 21191 | Orc:2    | Killed Maurice
 21297 | Orc:2    | Learned a level 2 spell: Wereblood
 21597 | Orc:2    | Found Othretwocas's Book Shoppe.
 21597 | Orc:2    | Found Gekoikia's Distillery.
 21614 | Orc:2    | Found Cuxutt's Distillery.
 21614 | Orc:2    | Found Anitz's Jewellery Emporium.
 21644 | Orc:2    | Bought a +4 ring of protection for 612 gold pieces
 21825 | Orc:2    | Found a staircase to the Elven Halls.
 21935 | Orc:2    | Bought a potion of heal wounds for 70 gold pieces
 21935 | Orc:2    | Bought 2 potions of curing for 84 gold pieces
 21935 | Orc:2    | Bought a potion of might for 56 gold pieces
 21935 | Orc:2    | Bought a potion of curing for 42 gold pieces
 21935 | Orc:2    | Bought a potion of curing for 42 gold pieces
 21935 | Orc:2    | Bought a potion of curing for 42 gold pieces
 22286 | Swamp:1  | Entered Level 1 of the Swamp
 22672 | Swamp:1  | You fall into a shaft and drop 1 floor!
 23213 | Swamp:2  | Identified Roxanne's Almanac of Earth
 23213 | Swamp:2  | Noticed Roxanne
 23221 | Swamp:2  | Killed Roxanne
 23462 | Swamp:2  | Reached XP level 16. HP: 27/134 MP: 4/21
 23620 | Swamp:2  | Noticed Donald
 23629 | Swamp:2  | Killed Donald
 23685 | Swamp:2  | Noticed a thorn hunter
 23698 | Swamp:2  | Killed a thorn hunter
 24738 | Swamp:4  | Entered Level 4 of the Swamp
 25393 | Swamp:4  | Found a runed translucent gate.
 25393 | Swamp:4  | Noticed a thorn hunter
 25394 | Swamp:4  | Found a runed translucent gate.
 25394 | Swamp:4  | Noticed reggie's ghost (journeyman DrWz)
 25394 | Swamp:4  | Noticed a thorn hunter
 25395 | Swamp:4  | Found a runed translucent gate.
 26196 | Swamp:4  | Got a decaying rune of Zot
 26284 | Swamp:4  | Killed a thorn hunter
 26285 | Swamp:4  | Killed a thorn hunter
 26290 | Swamp:4  | Killed reggie's ghost
 26612 | Snake:1  | Entered Level 1 of the Snake Pit
 26648 | Snake:1  | Noticed Aizul
 26663 | Snake:1  | Killed Aizul
 26997 | Snake:1  | HP: 5/134 [naga mage (19)]
 27002 | Snake:1  | HP: 4/134 [black mamba (14)]
 27007 | Snake:1  | HP: 2/134 [black mamba (12)]
 27008 | Snake:1  | Slain by a black mamba

Illustrated notes

Levels and vault maps discovered:
D:1:      scummos_arrival_gate, layout_loops_corners, grunt_decor_arrowhead,
          serial_bayou_pond_d
D:2:      layout_basic, dreamdust_ecumenical_altar_drowned_temple, serial_shops,
          shop
D:3:      corexii_shack_village, layout_basic, lemuel_crystal_altar,
          serial_shops, nicolae_shop_waterfront, shop, nicolae_diamond_shop,
          nicolae_shop_window_shopping, shop, minivault_25
D:4:      layout_rooms, minmay_temple_entry_glassed_door, serial_glass,
          glass_columns_c, glass_columns_c, glass_columns_c, glass_columns_c,
          glass_columns_b, glass_columns_b, uniq_robin
D:5:      lemuel_ice_spiral_2, layout_basic, mainiacjoe_overflow_cross_hatched,
          biasface_ghost_orc_armoury
D:6:      layout_basic, led_sif_pool, uniq_prince_ribbit1
D:7:      layout_basic, trog_hazing_becter, mainiacjoe_overflow_alcove_3,
          minivault_24, chequers_serial_rivers_room_a, kennysheep_flooded_box
D:8:      layout_loops_cross
D:9:      layout_loops_ring, minmay_misc_feat_cross, lightli_church_of_beogh
D:10:     layout_gridville, eat_drink_and_be_merry_uskayaw,
          grunt_temple_overflow_open, gammafunk_ghost_hydra_chop,
          feat_on_display, uniq_maggie
D:11:     lemuel_ogre_cave, layout_basic, erik_lair_orcish_takeover,
          enter_trove_1, enter_bailey_8, minivault_16, minmay_diamond_spiral
D:12:     layout_long_grid, orc_0_dummy, serial_shops, nicolae_shop_crystal,
          minmay_beelzebubs_servants
D:13:     layout_rooms
D:14:     minmay_roctagon, layout_basic, david_vaults_1,
          amcnicky_mini_rare_corridor_liquid, minmay_ruined_shrine
D:15:     grunt_enter_depths_hoard, layout_basic, serial_shops, bzr_entry_gold,
          nicolae_wu_jian_wuxing_cycle
Temple:   jpeg_temple_island
Lair:1:   wander_river, layout_gridlike, roderic_batcave,
          infiniplex_staircase_pool_2
Lair:2:   beast_lair_carwin_large_2, layout_loops_ring, dummy_snake_entry,
          basic_altar, chequers_serial_rivers_micro_e
Lair:3:   layout_big_grid, st_stairs_12, grunt_megastairs_4, uniq_gastronok
Lair:4:   layout_regular_city, swamp_mist_pool, serial_bayou_shore_b,
          lemuel_fruit_fields
Lair:5:   layout_loops_ring, nicolae_slime_entry_slimehenge
Lair:6:   due_jungle_book, layout_small_grid, uniq_rupert
Swamp:1:  layout_basic_swamp, evilmike_swamp_ruin_rubble_1
Swamp:2:  layout_basic_swamp, hangedman_swamp_pad, uniq_roxanne, uniq_donald
Swamp:3:  layout_basic_swamp, nicolae_swamp_long_stream
Swamp:4:  swamp_icy, layout_basic_swamp, gammafunk_ghost_split
Snake:1:  layout_onion_interference, nicolae_snake_guarding_the_ruins,
          serial_bayou_shore_b, uniq_aizul
Orc:1:    layout_diamond_mine, nicolae_shop_self_help, uniq_harold
Orc:2:    st_orc_mages, layout_diamond_mine,
          portal_ice_cave_entry_animals_and_master, basic_altar, uniq_maurice

Skill      XL: |  1  2  3  4  5  6  7  8  9 10 11 12 13 14 15 16 |
---------------+-------------------------------------------------+-----
Unarmed Combat | 1 2 3 5 7 9 11 13 14 15 17 18 20 | 20.7
Invocations    | 4 6 7 8 9 |  9.0
Dodging        | 5 7 |  7.0
Transmutations | 2 4 7 9 |  9.0
Fighting       | 6 7 |  7.0
Shields        | 3 8 9 |  9.0
Maces & Flails | |  2.6
Stealth        | |  1.0

Action                   |  1- 3 |  4- 6 |  7- 9 | 10-12 | 13-15 | 16-18 || total
-------------------------+-------+-------+-------+-------+-------+-------++-------
Melee: Unarmed           |   103 |   202 |   190 |   475 |   888 |   289 ||  2147
       Punch             |       |     2 |    11 |    68 |   108 |       ||   189
       Headbutt          |       |       |       |       |    16 |     2 ||    18
       Kick              |       |       |       |       |    25 |     7 ||    32
Throw: Large rock        |       |       |       |       |     4 |       ||     4
 Cast: Beastly Appendage |       |       |       |       |     7 |     4 ||    11
       Wereblood         |       |       |       |       |     4 |     1 ||     5
Invok: Slouch            |       |       |       |     1 |     7 |     5 ||    13
       Bend Time         |       |       |       |       |     6 |     4 ||    10
       Step From Time    |       |       |       |       |     1 |     1 ||     2
       Temporal Distorti |       |       |       |       |     2 |     2 ||     4
Evoke: Wand              |       |       |       |       |       |     4 ||     4
  Use: Scroll            |       |     4 |     3 |     5 |    19 |     7 ||    38
       Potion            |       |       |       |       |     9 |     7 ||    16
 Stab: Sleeping          |     3 |     4 |     2 |     7 |     9 |     1 ||    26
       Distracted        |       |       |     1 |     2 |     3 |       ||     6
Armor: Robe              |    41 |    63 |    22 |       |       |       ||   126
       Steam dragon scal |       |       |     8 |   103 |    45 |       ||   156
       Troll leather arm |       |       |       |       |    81 |       ||    81
       Swamp dragon scal |       |       |       |       |     7 |    62 ||    69
       Ice dragon scales |       |       |       |       |       |    14 ||    14
Dodge: Dodged            |    49 |    98 |   103 |   351 |   788 |   249 ||  1638
       Repelled          |       |       |       |     1 |     8 |    16 ||    25
Block: Kite shield       |       |       |       |       |   219 |   184 ||   403
       Tower shield      |       |       |       |       |       |    22 ||    22
       Reflection        |       |       |       |       |       |     9 ||     9

Table legend: (Time is in decaauts)
 A = Elapsed time spent in this place.
 B = Non-inter-level travel time spent in this place.
 C = Inter-level travel time spent in this place.
 D = Time resting spent in this place.
 E = Time spent auto-exploring this place.
 F = Levels seen in this place.
 G = Mean time per level.
                   A        B        C        D        E       F      G
               +--------+--------+--------+--------+--------+-----+--------+
         Total |  40859 |  37323 |   3536 |   3429 |  26298 |  31 | 1318.0 |
       Dungeon |  18530 |  16473 |   2057 |   1005 |  12098 |  15 | 1235.3 |
        Temple |     98 |     45 |     53 |      0 |     30 |   1 |   98.0 |
          Lair |  11330 |  10621 |    709 |    963 |   8123 |   6 | 1888.3 |
         Swamp |   6356 |   5931 |    425 |   1095 |   3358 |   4 | 1589.0 |
     Snake Pit |    597 |    597 |      0 |     75 |    390 |   1 |  597.0 |
  Orcish Mines |   2406 |   2116 |    290 |     39 |   1585 |   2 | 1203.0 |
        Bazaar |    321 |    321 |      0 |      0 |    190 |   1 |  321.0 |
      Ice Cave |   1218 |   1218 |      0 |    250 |    521 |   1 | 1218.0 |
               +--------+--------+--------+--------+--------+-----+--------+

Top non-repeatable levels by time:
  Lair:6: 3224 daAuts
 Swamp:4: 2661 daAuts
    D:11: 2522 daAuts
  Lair:4: 1766 daAuts
  Lair:5: 1760 daAuts
    D:12: 1750 daAuts
     D:6: 1653 daAuts
    D:15: 1637 daAuts
  Lair:2: 1620 daAuts
  Lair:1: 1486 daAuts
  Lair:3: 1470 daAuts
   Orc:2: 1428 daAuts
    D:10: 1394 daAuts
     D:9: 1378 daAuts
     D:7: 1374 daAuts
